 Dungeon Crawl Stone Soup version 0.20.1-1-g8b1a95d (webtiles) character file.

476 slep the Slasher (level 6, 0/72 HPs)
             Began as a Demonspawn Fighter on Oct 28, 2017.
             Succumbed to Sigmund's poison
             ... on level 3 of the Dungeon.
             The game lasted 00:13:50 (2511 turns).

slep the Slasher (Demonspawn Fighter)               Turns: 2511, Time: 00:13:50

Health: 0/72       AC:  7    Str: 21    XL:     6   Next: 84%
Magic:  6/6        EV:  8    Int:  9    God:
Gold:   93         SH: 10    Dex: 15    Spells: 5/5 levels left

rFire    . . .     SeeInvis .   a - +0 long sword
rCold    . . .     Gourm    .   c - +0 shield
rNeg     . . .     Faith    .   b - +0 scale mail
rPois    .         Spirit   .   (helmet restricted)
rElec    .         Reflect  .   (no cloak)
rCorr    .         Harm     .   (no gloves)
MR       +....                  (no boots)
Stlth    ..........             (no amulet)
Regen    0.3/turn               p - +2 ring of slaying
MPRegen  0.1/turn               q - ring of protection from magic

@: berserking, lethally poisoned (0 -> -30), very slightly contaminated,
invisible, very quick
A: antennae 2, demonic guardian 1
a: no special abilities


You were on level 3 of the Dungeon.
You were not hungry.

You visited 1 branch of the dungeon, and saw 3 of its levels.

You collected 93 gold pieces.

Inventory:

Hand Weapons
 a - a +0 long sword (weapon)
 n - a +2 short sword of electrocution
Missiles
 z - a tomahawk (quivered)
Armour
 b - a +0 scale mail (worn)
 c - a +0 shield (worn)
 v - a +2 robe of magic resistance
Jewellery
 p - a +2 ring of slaying (left hand)
 q - a ring of protection from magic (right hand)
 s - a +2 ring of intelligence
 x - a cursed ring of protection from fire {unknown}
Scrolls
 e - a scroll of recharging {unknown}
 h - 5 scrolls of identify {unknown}
 i - 2 scrolls of teleportation {unknown}
 j - a scroll of enchant weapon {unknown}
 k - a scroll of enchant armour {unknown}
 l - 2 scrolls of noise {unknown}
 m - a scroll of magic mapping {unknown}
 t - a scroll of remove curse {unknown}
 y - 3 scrolls of immolation {unknown}
Potions
 w - a potion of brilliance {unknown}
 A - a potion of cancellation {unknown}
Comestibles
 f - 3 bread rations
 g - 3 meat rations


   Skills:
 + Level 3.9 Fighting
 + Level 4.5 Long Blades
 + Level 4.1 Armour
 + Level 1.4 Dodging
 + Level 3.6 Shields
 + Level 0.3 Unarmed Combat


You had 5 spell levels left.
You didn't know any spells.

Dungeon Overview and Level Annotations

Branches:
Dungeon (3/15)

Altars:
Fedhas
Jiyva


Innate Abilities, Weirdness & Mutations

You have a pair of antennae on your head.
A weak demonic guardian rushes to your aid.


Message History

You hear some strange, mumbled words.
A puff of flame appears from out of thin air!
The puff of flame hits you!
* * * LOW HITPOINT WARNING * * *
You are very lightly contaminated with residual magic.
It was a potion of berserk rage.
A red film seems to cover your vision as you go berserk!
You feel yourself moving faster!
You feel mighty!
You feel less invigorated.
You feel less confused.
* * * LOW HITPOINT WARNING * * *
You feel very sick.
You hear some strange, mumbled words.
A magic dart appears from out of thin air!
The magic dart hits you!
* * * LOW HITPOINT WARNING * * *
You slash something!
Reactivating autopickup.
Your Armour skill increases to level 4!
You feel a bit more experienced.
You die...

#########.......#
#.######....####
#########.# ##..PP....#
..........# #...≈≈P...
##...###### #...P...#
.'.....# #......+
##...#.# #..⌠..##
##...#.#######......##
.#...#.##....%..@)...#
.#...#.##.####.........#
.#...#.##.# #.........#
.#...#....# ###########
.#...###### .#...#
###### #######


There were no monsters in sight!

Vanquished Creatures
  Grinder (D:3)
  Sigmund (D:3)
  A jelly (D:2)
  Jessica (D:2)
  Terence (D:2)
  A gnoll (D:1)
  An adder (D:2)
  A worm (D:2)
  4 dart slugs
  4 leopard geckos
  2 orcs (D:3)
  4 giant cockroaches
  8 goblins
  5 hobgoblins
  9 jackals
  5 bats
  4 frilled lizards
  3 kobolds
  11 rats
67 creatures vanquished.

Notes
Turn   | Place    | Note
-------+----------+-------------------------------------------
     0 | D:1      | slep the Demonspawn Fighter began the quest for the Orb.
     0 | D:1      | Reached XP level 1. HP: 18/18 MP: 1/1
    67 | D:1      | Gained mutation: You have a pair of small antennae on your head. [demonic ancestry]
    67 | D:1      | Reached XP level 2. HP: 14/24 MP: 2/2
   199 | D:1      | Reached XP level 3. HP: 16/29 MP: 3/3
   862 | D:2      | Found a faded altar of an unknown god.
   872 | D:2      | Became a worshipper of Jiyva Jowkanop the Shapeless
   872 | D:2      | Reached * piety under Jiyva
   874 | D:2      | Fell from the grace of Jiyva
  1272 | D:2      | Gained mutation: You have a pair of antennae on your head. [demonic ancestry]
  1272 | D:2      | Reached XP level 4. HP: 25/35 MP: 4/4
  1403 | D:2      | Found a blossoming altar of Fedhas.
  1554 | D:2      | Noticed Jessica
  1558 | D:2      | Killed Jessica
  1627 | D:2      | Noticed Terence
  1640 | D:2      | Killed Terence
  1953 | D:3      | Noticed Grinder
  1967 | D:3      | HP: 1/35 [Grinder (6)]
  1975 | D:3      | Killed Grinder
  1975 | D:3      | Reached skill level 1 in Dodging
  1975 | D:3      | Gained mutation: A weak demonic guardian rushes to your aid. [demonic ancestry]
  1975 | D:3      | Reached XP level 5. HP: 8/42 MP: 5/5
  1975 | D:3      | Reached XP level 6. HP: 9/48 MP: 6/6
  2492 | D:3      | Noticed Sigmund
  2510 | D:3      | HP: 2/72 [something/magic dart (7)]
  2511 | D:3      | Killed Sigmund
  2511 | D:3      | Succumbed to Sigmund's poison

Skill      XL: |  1  2  3  4  5  6 |
---------------+-------------------+-----
Armour         | 3 4 |  4.1
Long Blades    | 2 3 4 |  4.5
Shields        | 3 |  3.6
Dodging        | 1 |  1.4
Fighting       | |  3.9
Unarmed Combat | |  0.3

Action                   |  1- 3 |  4- 6 || total
-------------------------+-------+-------++-------
Melee: Long sword        |   138 |    97 ||   235
       Unarmed           |       |    10 ||    10
Invok: Renounce Religion |     1 |       ||     1
  Use: Potion            |       |     6 ||     6
  Eat: Chunk             |     1 |     5 ||     6
Armor: Scale mail        |    72 |    26 ||    98
Dodge: Dodged            |    49 |    21 ||    70
Block: Shield            |    71 |    35 ||   106
       Rpst.: Long sword |    17 |     6 ||    23
